Workbook

Sheet INC&EXP
D1: COUNCIL OUT TURN REPORT TO 31 MARCH 2027
A2: 101 | B2: Project, Events & Resident Support | D2: Annual | F2: APR | G2: MAY | H2: JUN | I2: JUL | J2: AUG | K2: SEP | L2: OCT | M2: NOV | N2: DEC | O2: JAN | P2: FEB | Q2: MAR | R2: TOTAL | S2: FUNDS
D3: Budget | S3: AVAILABLE
A4: 4000 | B4: Salaries | D4: 246000 | F4: 9713 | G4: 13542 | H4: =13857-1000 -> 12857 | I4: 0 | J4: 0 | K4: 0 | L4: 0 | M4: 0 | N4: 0 | O4: 0 | P4: 0 | Q4: 0 | R4: =SUM(F4:Q4) -> 36112 | S4: =D4-R4 -> 209888
A5: 4010 | B5: Office Equip Purchases | D5: 2500 | F5: 177 | G5: 243 | H5: 226 | I5: 0 | J5: 0 | K5: 0 | L5: 0 | M5: 0 | N5: 0 | O5: 0 | P5: 0 | Q5: 0 | R5: =SUM(F5:Q5) -> 646 | S5: =D5-R5 -> 1854
A6: 4011 | B6: Office Equip Lease | D6: 2000 | F6: 0 | G6: 0 | H6: 823 | I6: 0 | J6: 0 | K6: 0 | L6: 0 | M6: 0 | N6: 0 | O6: 0 | P6: 0 | Q6: 0 | R6: =SUM(F6:Q6) -> 823 | S6: =D6-R6 -> 1177
A7: 4012 | B7: Telephones | D7: 2500 | F7: 192 | G7: 189 | H7: 49 | I7: 0 | J7: 0 | K7: 0 | L7: 0 | M7: 0 | N7: 0 | O7: 0 | P7: 0 | Q7: 0 | R7: =SUM(F7:Q7) -> 430 | S7: =D7-R7 -> 2070
A8: 4014 | B8: Advertising & Publicity | D8: 250 | F8: 90 | G8: 0 | H8: 20 | I8: 0 | J8: 0 | K8: 0 | L8: 0 | M8: 0 | N8: 0 | O8: 0 | P8: 0 | Q8: 0 | R8: =SUM(F8:Q8) -> 110 | S8: =D8-R8 -> 140
A9: 4015 | B9: Insurance | D9: 12000 | F9: 11264 | G9: 0 | H9: 0 | I9: 0 | J9: 0 | K9: 0 | L9: 0 | M9: 0 | N9: 0 | O9: 0 | P9: 0 | Q9: 0 | R9: =SUM(F9:Q9) -> 11264 | S9: =D9-R9 -> 736
A10: 4016 | B10: Subscriptions & Fees | D10: 3500 | F10: 140 | G10: 0 | H10: 2151 | I10: 0 | J10: 0 | K10: 0 | L10: 0 | M10: 0 | N10: 0 | O10: 0 | P10: 0 | Q10: 0 | R10: =SUM(F10:Q10) -> 2291 | S10: =D10-R10 -> 1209
A11: 4017 | B11: Audit Fees | D11: 2200 | F11: 0 | G11: 500 | H11: 0 | I11: 0 | J11: 0 | K11: 0 | L11: 0 | M11: 0 | N11: 0 | O11: 0 | P11: 0 | Q11: 0 | R11: =SUM(F11:Q11) -> 500 | S11: =D11-R11 -> 1700
A12: 4021 | B12: Computer & Website Support | D12: 6000 | F12: 250 | G12: 660 | H12: 250 | I12: 0 | J12: 0 | K12: 0 | L12: 0 | M12: 0 | N12: 0 | O12: 0 | P12: 0 | Q12: 0 | R12: =SUM(F12:Q12) -> 1160 | S12: =D12-R12 -> 4840
A13: 4022 | B13: Staff/Councillor Training | D13: 2500 | F13: 0 | G13: 0 | H13: 770 | I13: 0 | J13: 0 | K13: 0 | L13: 0 | M13: 0 | N13: 0 | O13: 0 | P13: 0 | Q13: 0 | R13: =SUM(F13:Q13) -> 770 | S13: =D13-R13 -> 1730
A14: 4025 | B14: Financial Packages | D14: 650 | F14: 512 | G14: 0 | H14: 0 | I14: 0 | J14: 0 | K14: 0 | L14: 0 | M14: 0 | N14: 0 | O14: 0 | P14: 0 | Q14: 0 | R14: =SUM(F14:Q14) -> 512 | S14: =D14-R14 -> 138
A15: 4027 | B15: HR & H & S Professional Fees | D15: 3200 | F15: 224 | G15: 224 | H15: 224 | I15: 0 | J15: 0 | K15: 0 | L15: 0 | M15: 0 | N15: 0 | O15: 0 | P15: 0 | Q15: 0 | R15: =SUM(F15:Q15) -> 672 | S15: =D15-R15 -> 2528
A16: 4040 | B16: Legal & Professional Fees | D16: 2500 | F16: 0 | G16: 0 | H16: 0 | I16: 0 | J16: 0 | K16: 0 | L16: 0 | M16: 0 | N16: 0 | O16: 0 | P16: 0 | Q16: 0 | R16: =SUM(F16:Q16) -> 0 | S16: =D16-R16 -> 2500
A17: 4045 | B17: Bank Charges | D17: 400 | F17: 26 | G17: 22 | H17: 28 | I17: 0 | J17: 0 | K17: 0 | L17: 0 | M17: 0 | N17: 0 | O17: 0 | P17: 0 | Q17: 0 | R17: =SUM(F17:Q17) -> 76 | S17: =D17-R17 -> 324
B19: Total Admin Expenditure | D19: =SUM(D4:D17) -> 286200 | F19: =SUM(F4:F17) -> 22588 | G19: =SUM(G4:G17) -> 15380 | H19: =SUM(H4:H17) -> 17398 | I19: =SUM(I4:I17) -> 0 | J19: =SUM(J4:J17) -> 0 | K19: =SUM(K4:K17) -> 0 | L19: =SUM(L4:L17) -> 0 | M19: =SUM(M4:M17) -> 0 | ... P19: =SUM(P4:P17) -> 0 | Q19: =SUM(Q4:Q18) -> 0 | R19: =SUM(F19:Q19) -> 55366 | S19: =D19-R19 -> 230834
A21: 1176 | B21: Precept | D21: 512530 | F21: 512530 | G21: 0 | H21: 0 | I21: 0 | J21: 0 | K21: 0 | L21: 0 | M21: 0 | N21: 0 | O21: 0 | P21: 0 | Q21: 0 | R21: =SUM(F21:Q21) -> 512530 | S21: =D21-R21 -> 0
A22: 1177 | B22: CIL | D22: 0 | F22: 0 | G22: 0 | H22: 0 | I22: 0 | J22: 0 | K22: 0 | L22: 0 | M22: 0 | N22: 0 | O22: 0 | P22: 0 | Q22: 0 | R22: =SUM(F22:Q22) -> 0 | S22: =D22-R22 -> 0
A23: 1178 | B23: Council Tax Grant Income | D23: 18043 | F23: 18043 | G23: 0 | H23: 0 | I23: 0 | J23: 0 | K23: 0 | L23: 0 | M23: 0 | N23: 0 | O23: 0 | P23: 0 | Q23: 0 | R23: =SUM(F23:Q23) -> 18043 | S23: =D23-R23 -> 0
A24: 1180 | B24: Public Sector Fund Interest | D24: 25000 | F24: 1617 | G24: 2024 | H24: 2847 | I24: 0 | J24: 0 | K24: 0 | L24: 0 | M24: 0 | N24: 0 | O24: 0 | P24: 0 | Q24: 0 | R24: =SUM(F24:Q24) -> 6488 | S24: =D24-R24 -> 18512
A25: 1195 | B25: Room Hire | D25: 200 | F25: 0 | G25: 0 | H25: 0 | I25: 0 | J25: 0 | K25: 0 | L25: 0 | M25: 0 | N25: 0 | O25: 0 | P25: 0 | Q25: 0 | R25: =SUM(F25:Q25) -> 0 | S25: =D25-R25 -> 200
A26: 1999 | B26: Miscellaneous Income | D26: 0 | F26: 135 | G26: 0 | H26: 22 | I26: 0 | J26: 0 | K26: 0 | L26: 0 | M26: 0 | N26: 0 | O26: 0 | P26: 0 | Q26: 0 | R26: =SUM(F26:Q26) -> 157 | S26: =D26-R26 -> -157
B27: Total Admin Income | D27: =SUM(D21:D26) -> 555773 | F27: =SUM(F21:F27) -> 532325 | G27: =SUM(G24:G26) -> 2024 | H27: =SUM(H24:H26) -> 2869 | I27: =SUM(I24:I26) -> 0 | J27: =SUM(J24:J26) -> 0 | K27: =SUM(K24:K26) -> 0 | L27: =SUM(L24:L26) -> 0 | M27: =SUM(M24:M26) -> 0 | N27: =SUM(N24:N26) -> 0 | ... Q27: =SUM(Q24:Q26) -> 0 | R27: =SUM(F27:Q27) -> 532325 | S27: =D27-R27 -> 23383
A30: 102 | B30: ASSET & HERITAGE MANAGEMENT
A31: 4026 | B31: ICT/Digital Support & Equipment | D31: 6000 | F31: 454 | G31: 454 | H31: 454 | I31: 0 | J31: 0 | K31: 0 | L31: 0 | M31: 0 | N31: 0 | O31: 0 | P31: 0 | Q31: 0 | R31: =SUM(F31:Q31) -> 1362 | S31: =D31-R31 -> 4638
A32: 4041 | B32: Bench Repairs/New Benches | D32: 500 | F32: 0 | G32: 0 | H32: 0 | I32: 0 | J32: 0 | K32: 0 | L32: 0 | M32: 0 | N32: 0 | O32: 0 | P32: 0 | Q32: 0 | R32: =SUM(F32:Q32) -> 0 | S32: =D32-R32 -> 500
A33: 4050 | B33: General Maintenance | D33: 30000 | F33: 0 | G33: 0 | H33: 0 | I33: 0 | J33: 0 | K33: 0 | L33: 0 | M33: 0 | N33: 0 | O33: 0 | P33: 0 | Q33: 0 | R33: =SUM(F33:Q33) -> 0 | S33: =D33-R33 -> 30000
A34: 4052 | B34: Toilet/Barrier Maintenance | D34: 3000 | F34: 0 | G34: 0 | H34: 0 | I34: 0 | J34: 0 | K34: 0 | L34: 0 | M34: 0 | N34: 0 | O34: 0 | P34: 0 | Q34: 0 | R34: =SUM(F34:Q34) -> 0 | S34: =D34-R34 -> 3000
A35: 4053 | B35: Toilet Staffing | D35: 45000 | F35: 2914 | G35: 3673 | H35: 4060 | I35: 0 | J35: 0 | K35: 0 | L35: 0 | M35: 0 | N35: 0 | O35: 0 | P35: 0 | Q35: 0 | R35: =SUM(F35:Q35) -> 10647 | S35: =D35-R35 -> 34353
A36: 4054 | B36: Internal Asset Inspections & Work | D36: 5000 | F36: 0 | G36: 307 | H36: 38 | I36: 0 | J36: 0 | K36: 0 | L36: 0 | M36: 0 | N36: 0 | O36: 0 | P36: 0 | Q36: 0 | R36: =SUM(F36:Q36) -> 345 | S36: =D36-R36 -> 4655
A37: 4056 | B37: Jubilee Clock Mtce & Inverter Charger | D37: 400 | F37: 0 | G37: 0 | H37: 0 | I37: 0 | J37: 0 | K37: 0 | L37: 0 | M37: 0 | N37: 0 | O37: 0 | P37: 0 | Q37: 0 | R37: =SUM(F37:Q37) -> 0 | S37: =D37-R37 -> 400
A38: 4057 | B38: Toilet Consumables | D38: 4000 | F38: 127 | G38: 506 | H38: 212 | I38: 0 | J38: 0 | K38: 0 | L38: 0 | M38: 0 | N38: 0 | O38: 0 | P38: 0 | Q38: 0 | R38: =SUM(F38:Q38) -> 845 | S38: =D38-R38 -> 3155
A39: 4059 | B39: Toilet Utilities | D39: 12000 | F39: 658 | G39: 1221 | H39: 980 | I39: 0 | J39: 0 | K39: 0 | L39: 0 | M39: 0 | N39: 0 | O39: 0 | P39: 0 | Q39: 0 | R39: =SUM(F39:Q39) -> 2859 | S39: =D39-R39 -> 9141
A40: 4171 | B40: Navvies Monument Maintenance | D40: 500 | F40: 0 | G40: 0 | H40: 0 | I40: 0 | J40: 0 | K40: 0 | L40: 0 | M40: 0 | N40: 0 | O40: 0 | P40: 0 | Q40: 0 | R40: =SUM(F40:Q40) -> 0 | S40: =D40-R40 -> 500
A41: 4188 | B41: PWLB Interest-Otley Welfare | D41: 10000 | F41: 0 | G41: 0 | H41: 4906 | I41: 0 | J41: 0 | K41: 0 | L41: 0 | M41: 0 | N41: 0 | O41: 0 | P41: 0 | Q41: 0 | R41: =SUM(F41:Q41) -> 4906 | S41: =D41-R41 -> 5094
A42: 4189 | B42: Investing In Otley Reserve | D42: 20000 | F42: 0 | G42: 20000 | H42: 0 | I42: 0 | J42: 0 | K42: 0 | L42: 0 | M42: 0 | N42: 0 | O42: 0 | P42: 0 | Q42: 0 | R42: =SUM(F42:Q42) -> 20000 | S42: =D42-R42 -> 0
B43: Total A.M. Expenditure | D43: =SUM(D31:D42) -> 136400 | F43: =SUM(F31:F43) -> 4153 | G43: =SUM(G31:G42) -> 26161 | H43: =SUM(H31:H42) -> 10650 | I43: =SUM(I31:I42) -> 0 | J43: =SUM(J31:J42) -> 0 | K43: =SUM(K31:K42) -> 0 | L43: =SUM(L31:L42) -> 0 | M43: =SUM(M31:M42) -> 0 | N43: =SUM(N31:N42) -> 0 | ... R43: =SUM(R31:R42) -> 40964 | S43: =D43-R43 -> 95436
A45: 1000 | B45: Toilet Income | D45: 13000 | F45: 1061 | G45: 1538 | H45: 960 | I45: 0 | J45: 0 | K45: 0 | L45: 0 | M45: 0 | N45: 0 | O45: 0 | P45: 0 | Q45: 0 | R45: =SUM(F45:Q45) -> 3559 | S45: =D45-R45 -> 9441
A46: 1191 | B46: Landlord Toilets Contribution | D46: 1000 | F46: 0 | G46: 0 | H46: 0 | I46: 0 | J46: 0 | K46: 0 | L46: 0 | M46: 0 | N46: 0 | O46: 0 | P46: 0 | Q46: 0 | R46: =SUM(F46:Q46) -> 0 | S46: =D46-R46 -> 1000
A47: 1193 | B47: Toilet Marketing | D47: 1200 | F47: 0 | G47: 0 | H47: 0 | I47: 0 | J47: 0 | K47: 0 | L47: 0 | M47: 0 | N47: 0 | O47: 0 | P47: 0 | Q47: 0 | R47: =SUM(F47:Q47) -> 0 | S47: =D47-R47 -> 1200
D48: =SUM(D45:D47) -> 15200 | F48: =SUM(F45:F46) -> 1061 | G48: =SUM(G45:G46) -> 1538 | H48: =SUM(H45:H46) -> 960 | I48: =SUM(I45:I46) -> 0 | J48: =SUM(J45:J46) -> 0 | K48: =SUM(K45:K46) -> 0 | L48: =SUM(L45:L46) -> 0 | M48: =SUM(M45:M46) -> 0 | ... R48: =SUM(R45:R46) -> 3559 | S48: =D48-R48 -> 11641
A50: 103 | B50: EVENTS & MAYOR
A51: 4120 | B51: Mayor Allowance | D51: 1500 | F51: 0 | G51: 0 | H51: 150 | I51: 0 | J51: 0 | K51: 0 | L51: 0 | M51: 0 | N51: 0 | O51: 0 | P51: 0 | Q51: 0 | R51: =SUM(F51:Q51) -> 150 | S51: =D51-R51 -> 1350
A52: 4125 | B52: Parades & Events | D52: 2650 | F52: 0 | G52: 105 | H52: 429 | I52: 0 | J52: 0 | K52: 0 | L52: 0 | M52: 0 | N52: 0 | O52: 0 | P52: 0 | Q52: 0 | R52: =SUM(F52:Q52) -> 534 | S52: =D52-R52 -> 2116
A53: 4126 | B53: Bellman | D53: 1050 | F53: 0 | G53: 0 | H53: 1000 | I53: 0 | J53: 0 | K53: 0 | L53: 0 | M53: 0 | N53: 0 | O53: 0 | P53: 0 | Q53: 0 | R53: =SUM(F53:Q53) -> 1000 | S53: =D53-R53 -> 50
A54: 4131 | B54: Christmas Lighting & Switch On | D54: 30000 | F54: 0 | G54: 0 | H54: 0 | I54: 0 | J54: 0 | K54: 0 | L54: 0 | M54: 0 | N54: 0 | O54: 0 | P54: 0 | Q54: 0 | R54: =SUM(F54:Q54) -> 0 | S54: =D54-R54 -> 30000
A55: 4135 | B55: Civic Regalia | D55: 300 | F55: 0 | G55: 0 | H55: 0 | I55: 0 | J55: 0 | K55: 0 | L55: 0 | M55: 0 | N55: 0 | O55: 0 | P55: 0 | Q55: 0 | R55: =SUM(F55:Q55) -> 0 | S55: =D55-R55 -> 300
A56: 4192 | B56: Otley 800 Project Management | D56: 25000 | F56: 0 | G56: 0 | H56: 125 | I56: 0 | J56: 0 | K56: 0 | L56: 0 | M56: 0 | N56: 0 | O56: 0 | P56: 0 | Q56: 0 | R56: =SUM(F56:Q56) -> 125 | S56: =D56-R56 -> 24875
A57: 4193 | B57: Otley 800 | D57: 37500 | F57: 0 | G57: 0 | H57: 1800 | I57: 0 | J57: 0 | K57: 0 | L57: 0 | M57: 0 | N57: 0 | O57: 0 | P57: 0 | Q57: 0 | R57: =SUM(F57:Q57) -> 1800 | S57: =D57-R57 -> 35700
B58: Total E & M Expenditure | D58: =SUM(D51:D57) -> 98000 | F58: =SUM(F51:F57) -> 0 | G58: =SUM(G51:G57) -> 105 | H58: =SUM(H51:H57) -> 3504 | I58: =SUM(I51:I57) -> 0 | J58: =SUM(J51:J57) -> 0 | K58: =SUM(K51:K57) -> 0 | L58: =SUM(L51:L57) -> 0 | M58: =SUM(M51:M57) -> 0 | ... Q58: =SUM(Q51:Q57) -> 0 | R58: =SUM(F58:Q58) -> 3609 | S58: =D58-R56 -> 97875
A61: 104 | B61: OFFICE RESOURCES CENTRE
A62: 4150 | B62: Rent | D62: 20000 | F62: 0 | G62: 0 | H62: 5000 | I62: 0 | J62: 0 | K62: 0 | L62: 0 | M62: 0 | N62: 0 | O62: 0 | P62: 0 | Q62: 0 | R62: =SUM(F62:Q62) -> 5000 | S62: =D62-R62 -> 15000
A63: 4151 | B63: Business Rates | D63: 11000 | F63: 1016 | G63: 840 | H63: 840 | I63: 0 | J63: 0 | K63: 0 | L63: 0 | M63: 0 | N63: 0 | O63: 0 | P63: 0 | Q63: 0 | R63: =SUM(F63:Q63) -> 2696 | S63: =D63-R63 -> 8304
A64: 4155 | B64: Utilities | D64: 7000 | F64: 0 | G64: 329 | H64: 211 | I64: 0 | J64: 0 | K64: 0 | L64: 0 | M64: 0 | N64: 0 | O64: 0 | P64: 0 | Q64: 0 | R64: =SUM(F64:Q64) -> 540 | S64: =D64-R64 -> 6460
A65: 4156 | B65: Building Insurance | D65: 800 | F65: 0 | G65: 0 | H65: 0 | I65: 0 | J65: 0 | K65: 0 | L65: 0 | M65: 0 | N65: 0 | O65: 0 | P65: 0 | Q65: 0 | R65: =SUM(F65:Q65) -> 0 | S65: =D65-R65 -> 800
A66: 4160 | B66: Cleaning & Waste Removal | D66: 3200 | F66: 243 | G66: 245 | H66: 349 | I66: 0 | J66: 0 | K66: 0 | L66: 0 | M66: 0 | N66: 0 | O66: 0 | P66: 0 | Q66: 0 | R66: =SUM(F66:Q66) -> 837 | S66: =D66-R66 -> 2363
A67: 4165 | B67: Service Charge | D67: 3000 | F67: 0 | G67: 0 | H67: 713 | I67: 0 | J67: 0 | K67: 0 | L67: 0 | M67: 0 | N67: 0 | O67: 0 | P67: 0 | Q67: 0 | R67: =SUM(F67:Q67) -> 713 | S67: =D67-R67 -> 2287
A68: 4166 | B68: Fire/Electrical Testing | D68: 1000 | F68: 0 | G68: 0 | H68: 0 | I68: 0 | J68: 0 | K68: 0 | L68: 0 | M68: 0 | N68: 0 | O68: 0 | P68: 0 | Q68: 0 | R68: =SUM(F68:Q68) -> 0 | S68: =D68-R68 -> 1000
A69: 4167 | B69: Lift Mtce & Inspection | D69: 1000 | F69: 0 | G69: 0 | H69: 0 | I69: 0 | J69: 0 | K69: 0 | L69: 0 | M69: 0 | N69: 0 | O69: 0 | P69: 0 | Q69: 0 | R69: =SUM(F69:Q69) -> 0 | S69: =D69-R69 -> 1000
B70: Total O.R.C. Expenditure | D70: =SUM(D62:D69) -> 47000 | F70: =SUM(F62:F69) -> 1259 | G70: =SUM(G62:G69) -> 1414 | H70: =SUM(H62:H69) -> 7113 | I70: =SUM(I62:I69) -> 0 | J70: =SUM(J62:J69) -> 0 | K70: =SUM(K62:K69) -> 0 | L70: =SUM(L62:L69) -> 0 | M70: =SUM(M62:M69) -> 0 | ... Q70: =SUM(Q62:Q69) -> 0 | R70: =SUM(F70:Q70) -> 9786 | S70: =D70-R70 -> 37214
A72: 1999 | B72: LED Contrib/Shop | D72: 0 | F72: 0 | G72: 0 | H72: 0 | I72: 0 | J72: 0 | K72: 0 | L72: 0 | M72: 0 | N72: 0 | O72: 0 | P72: 0 | Q72: 0 | R72: 0 | S72: =D72-R72 -> 0
A74: 105 | B74: ENVIRONMENTAL & SUSTAINABILITY
A75: 4133 | B75: City Connect Project | D75: 2000 | F75: 0 | G75: 0 | H75: 0 | I75: 0 | J75: 0 | K75: 0 | L75: 0 | M75: 0 | N75: 0 | O75: 0 | P75: 0 | Q75: 0 | R75: =SUM(F75:Q75) -> 0 | S75: =D75-R75 -> 2000
A76: 4168 | B76: HSBC Triangle | D76: 25000 | F76: 0 | G76: 0 | H76: 0 | I76: 0 | J76: 0 | K76: 0 | L76: 0 | M76: 0 | N76: 0 | O76: 0 | P76: 0 | Q76: 0 | R76: =SUM(F76:Q76) -> 0 | S76: =D76-R76 -> 25000
A77: 4169 | B77: Biodiversity Audit/Emergency | D77: 3000 | F77: 0 | G77: 200 | H77: 341 | I77: 0 | J77: 0 | K77: 0 | L77: 0 | M77: 0 | N77: 0 | O77: 0 | P77: 0 | Q77: 0 | R77: =SUM(F77:Q77) -> 541 | S77: =D77-R77 -> 2459
A78: 4170 | B78: Improving Otley's Environment | D78: 2000 | F78: 0 | G78: 0 | H78: 0 | I78: 0 | J78: 0 | K78: 0 | L78: 0 | M78: 0 | N78: 0 | O78: 0 | P78: 0 | Q78: 0 | R78: =SUM(F78:Q78) -> 0 | S78: =D78-R78 -> 2000
A79: 4172 | B79: SIDS | D79: 3700 | F79: 0 | G79: 0 | H79: 0 | I79: 0 | J79: 0 | K79: 0 | L79: 0 | M79: 0 | N79: 0 | O79: 0 | P79: 0 | Q79: 0 | R79: =SUM(F79:Q79) -> 0 | S79: =D79-R79 -> 3700
A80: 4173 | B80: Cycling Project | D80: 750 | F80: 0 | G80: 0 | H80: 0 | I80: 0 | J80: 0 | K80: 0 | L80: 0 | M80: 0 | N80: 0 | O80: 0 | P80: 0 | Q80: 0 | R80: =SUM(F80:Q80) -> 0 | S80: =D80-R80 -> 750
A81: 4174 | B81: Gallows Hill | D81: 2000 | F81: 0 | G81: 0 | H81: 320 | I81: 0 | J81: 0 | K81: 0 | L81: 0 | M81: 0 | N81: 0 | O81: 0 | P81: 0 | Q81: 0 | R81: =SUM(F81:Q81) -> 320 | S81: =D81-R81 -> 1680
A82: 4175 | B82: Chevin Minibus | D82: 1200 | F82: 0 | G82: 0 | H82: 0 | I82: 0 | J82: 0 | K82: 0 | L82: 0 | M82: 0 | N82: 0 | O82: 0 | P82: 0 | Q82: 0 | R82: =SUM(F82:Q82) -> 0 | S82: =D82-R82 -> 1200
A83: 4176 | B83: Neighbourhood Planning | D83: 1000 | F83: 0 | G83: 0 | H83: 0 | I83: 0 | J83: 0 | K83: 0 | L83: 0 | M83: 0 | N83: 0 | O83: 0 | P83: 0 | Q83: 0 | R83: =SUM(F83:Q83) -> 0 | S83: =D83-R83 -> 1000
A84: 4178 | B84: Street Cleansing Project | D84: 9200 | F84: 699 | G84: 772 | H84: 772 | I84: 0 | J84: 0 | K84: 0 | L84: 0 | M84: 0 | N84: 0 | O84: 0 | P84: 0 | Q84: 0 | R84: =SUM(F84:Q84) -> 2243 | S84: =D84-R84 -> 6957
A85: 4179 | B85: Planning Support | D85: 750 | F85: 0 | G85: 0 | H85: 0 | I85: 0 | J85: 0 | K85: 0 | L85: 0 | M85: 0 | N85: 0 | O85: 0 | P85: 0 | Q85: 0 | R85: =SUM(F85:Q85) -> 0 | S85: =D85-R85 -> 750
B86: Total E & S Expenditure | D86: =SUM(D75:D85) -> 50600 | F86: =SUM(F75:F85) -> 699 | G86: =SUM(G75:G85) -> 972 | H86: =SUM(H75:H85) -> 1433 | I86: =SUM(I75:I85) -> 0 | J86: =SUM(J75:J85) -> 0 | K86: =SUM(K75:K85) -> 0 | L86: =SUM(L75:L85) -> 0 | M86: =SUM(M75:M85) -> 0 | ... R86: =SUM(R75:R85) -> 3104 | S86: =D86-R86 -> 47496
A88: 1190 | B88: Bid Street Cleansing | D88: 4600 | F88: 0 | G88: 0 | H88: 0 | I88: 0 | J88: 0 | K88: 0 | L88: 0 | M88: 0 | N88: 0 | O88: 0 | P88: 0 | Q88: 0 | R88: =SUM(F88:Q88) -> 0 | S88: =D88-R88 -> 4600
A89: 1192 | B89: BID Benchmarking | D89: 0 | F89: 0 | G89: 0 | H89: 0 | I89: 0 | J89: 0 | K89: 0 | L89: 0 | M89: 0 | N89: 0 | O89: 0 | P89: 0 | Q89: 0 | R89: =SUM(F89:Q89) -> 0 | S89: =D89-R89 -> 0
A90: 1185 | B90: Allotments Admin Contrib | D90: 5000 | F90: 0 | G90: 0 | H90: 0 | I90: 0 | J90: 0 | K90: 0 | L90: 0 | M90: 0 | N90: 0 | O90: 0 | P90: 0 | Q90: 0 | R90: =SUM(F90:Q90) -> 0 | S90: =D90-R90 -> 5000
B91: Total E & S Income | D91: =SUM(D88:D90) -> 9600 | F91: 0 | G91: 0 | H91: 0 | I91: 0 | J91: 0 | K91: 0 | L91: 0 | M91: 0 | N91: 0 | O91: 0 | P91: 0 | Q91: 0 | R91: =SUM(F91:Q91) -> 0 | S91: =D91-R91 -> 9600
A94: 106 | B94: COMMUNITY & DEVELOPMENT
A95: 4180 | B95: Community Action Fund | D95: 500 | F95: 0 | G95: 0 | H95: 0 | I95: 0 | J95: 0 | K95: 0 | L95: 0 | M95: 0 | N95: 0 | O95: 0 | P95: 0 | Q95: 0 | R95: =SUM(F95:Q95) -> 0 | S95: =D95-R95 -> 500
A96: 4182 | B96: Otley Matters | D96: 16000 | F96: 0 | G96: 2917 | H96: 0 | I96: 0 | J96: 0 | K96: 0 | L96: 0 | M96: 0 | N96: 0 | O96: 0 | P96: 0 | Q96: 0 | R96: =SUM(F96:Q96) -> 2917 | S96: =D96-R96 -> 13083
A97: 4183 | B97: Play Parks | D97: 500 | F97: 0 | G97: 0 | H97: 0 | I97: 0 | J97: 0 | K97: 0 | L97: 0 | M97: 0 | N97: 0 | O97: 0 | P97: 0 | Q97: 0 | R97: =SUM(F97:Q97) -> 0 | S97: =D97-R97 -> 500
A98: 4185 | B98: Consolidated Community Fund | D98: 10000 | F98: 0 | G98: 0 | H98: 0 | I98: 0 | J98: 0 | K98: 0 | L98: 0 | M98: 0 | N98: 0 | O98: 0 | P98: 0 | Q98: 0 | R98: =SUM(F98:Q98) -> 0 | S98: =D98-R98 -> 10000
A99: 4187 | B99: Otley Defibrillators | D99: 1000 | F99: 0 | G99: 0 | H99: 0 | I99: 0 | J99: 0 | K99: 0 | L99: 0 | M99: 0 | N99: 0 | O99: 0 | P99: 0 | Q99: 0 | R99: =SUM(F99:Q99) -> 0 | S99: =D99-R99 -> 1000
A100: 4999 | B100: Shop Merchandise | D100: 200 | F100: 0 | G100: 0 | H100: 0 | I100: 0 | J100: 0 | K100: 0 | L100: 0 | M100: 0 | N100: 0 | O100: 0 | P100: 0 | Q100: 0 | R100: =SUM(F100:Q100) -> 0 | S100: =D100-R100 -> 200
B101: Total C & D Expenditure | D101: =SUM(D95:D100) -> 28200 | F101: 0 | G101: =SUM(G95:G100) -> 2917 | H101: =SUM(H95:H100) -> 0 | I101: =SUM(I95:I100) -> 0 | J101: =SUM(J95:J100) -> 0 | K101: =SUM(K95:K100) -> 0 | L101: =SUM(L95:L100) -> 0 | M101: =SUM(M95:M100) -> 0 | N101: =SUM(N95:N100) -> 0 | ... Q101: =SUM(Q95:Q100) -> 0 | R101: =SUM(F101:Q101) -> 2917 | S101: =D101-R101 -> 25283
S102: =D102-R102 -> 0
A103: 1194 | B103: Shop Mercandise | D103: 400 | F103: 0 | G103: 0 | H103: 0 | I103: 0 | J103: 0 | K103: 0 | L103: 0 | M103: 0 | N103: 0 | O103: 0 | P103: 0 | Q103: 0 | R103: =SUM(F103:Q103) -> 0 | S103: =D103-R103 -> 400
A105: 107 | B105: TRADE & TOURISM
A106: 4186 | B106: Tourism Marketing & Signage | D106: 17100 | F106: 0 | G106: 0 | H106: 0 | I106: 0 | J106: 0 | K106: 0 | L106: 0 | M106: 0 | N106: 0 | O106: 0 | P106: 0 | Q106: 0 | R106: =SUM(F106:Q106) -> 0 | S106: =D106-R106 -> 17100
A107: 4190 | B107: Tourism & Promotion PR | D107: 12978 | F107: 0 | G107: 0 | H107: 2100 | I107: 0 | J107: 0 | K107: 0 | L107: 0 | M107: 0 | N107: 0 | O107: 0 | P107: 0 | Q107: 0 | R107: =SUM(F107:Q107) -> 2100 | S107: =D107-R107 -> 10878
A108: 4195 | B108: Town Benchmarking | D108: 7500 | F108: 0 | G108: 0 | H108: 0 | I108: 0 | J108: 0 | K108: 0 | L108: 0 | M108: 0 | N108: 0 | O108: 0 | P108: 0 | Q108: 0 | R108: =SUM(F108:Q108) -> 0 | S108: =D108-R108 -> 7500
A109: 4196 | B109: VO BIO IIO Website Refresh | D109: 3000 | F109: 0 | G109: 0 | H109: 0 | I109: 0 | J109: 0 | K109: 0 | L109: 0 | M109: 0 | N109: 0 | O109: 0 | P109: 0 | Q109: 0 | R109: =SUM(F109:Q109) -> 0 | S109: =D109-R109 -> 3000
A110: 4197 | B110: Sponsorships & Tourism Events | D110: 5500 | F110: 0 | G110: 0 | H110: 0 | I110: 0 | J110: 0 | K110: 0 | L110: 0 | M110: 0 | N110: 0 | O110: 0 | P110: 0 | Q110: 0 | R110: =SUM(F110:Q110) -> 0 | S110: =D110-R110 -> 5500
A111: 4198 | B111: VO BIO IIL Hosting | D111: 0 | F111: 0 | G111: 0 | H111: 264 | I111: 0 | J111: 0 | K111: 0 | L111: 0 | M111: 0 | N111: 0 | O111: 0 | P111: 0 | Q111: 0 | R111: =SUM(F111:Q111) -> 264 | S111: =D111-R111 -> -264
B113: Total P & D Expenditure | D113: =SUM(D106:D112) -> 46078 | F113: 0 | G113: 0 | H113: =SUM(H106:H112) -> 2364 | I113: =SUM(I106:I112) -> 0 | J113: =SUM(J106:J112) -> 0 | K113: =SUM(K106:K112) -> 0 | L113: =SUM(L106:L112) -> 0 | M113: =SUM(M106:M112) -> 0 | N113: =SUM(N106:N112) -> 0 | O113: =SUM(O106:O112) -> 0 | ... R113: =SUM(R106:R112) -> 2364 | S113: =D113-R113 -> 43714
A116: 1999 | B116: Miscellaneous Income | D116: 0 | F116: 0 | G116: 0 | H116: 0 | I116: 0 | J116: 0 | K116: 0 | L116: 0 | M116: 0 | N116: 0 | O116: 0 | P116: 0 | Q116: 0 | R116: =SUM(F116:Q116) -> 0 | S116: =D116-R116 -> 0
A117: 1192 | B117: Bid Benchmarking | D117: 1750 | F117: 0 | G117: 0 | H117: 0 | I117: 0 | J117: 0 | K117: 0 | L117: 0 | M117: 0 | N117: 0 | O117: 0 | P117: 0 | Q117: 0 | R117: =SUM(F117:Q117) -> 0 | S117: =D117-R117 -> 1750
...

Sheet Analysis
H1: ACCOUNTS 2019/2020 OUTTURN MONITORING REPORT SUMMARY
H2: ACTUAL INCOME/EXPENDITURE
A4: INCOME | D4: Annual | F4: APR | G4: MAY | H4: JUN | I4: JUL | J4: AUG | K4: SEP | L4: OCT | M4: NOV | N4: DEC | O4: JAN | P4: FEB | Q4: MAR | R4: TOTAL | S4: Variance to Budget
D5: Budget | S5: minus = over
A7: PRECEPT/ROOM HIRE/MISC | D7: ='INC&EXP'!D31 -> 6000 | F7: ='INC&EXP'!F31 -> 454 | G7: ='INC&EXP'!G31 -> 454 | H7: ='INC&EXP'!H31 -> 454 | I7: ='INC&EXP'!I31 -> 0 | J7: ='INC&EXP'!J31 -> 0 | K7: ='INC&EXP'!K31 -> 0 | L7: ='INC&EXP'!L31 -> 0 | M7: ='INC&EXP'!M31 -> 0 | ... Q7: ='INC&EXP'!Q31 -> 0 | R7: =SUM(F7:Q7) -> 1362 | S7: =D7-R7 -> 4638
A9: TOILETS INCOME | D9: ='INC&EXP'!D51 -> 1500 | F9: ='INC&EXP'!F51 -> 0 | G9: ='INC&EXP'!G51 -> 0 | H9: ='INC&EXP'!H51 -> 150 | I9: ='INC&EXP'!I51 -> 0 | J9: ='INC&EXP'!J51 -> 0 | K9: ='INC&EXP'!K51 -> 0 | L9: ='INC&EXP'!L51 -> 0 | M9: ='INC&EXP'!M51 -> 0 | ... Q9: ='INC&EXP'!Q51 -> 0 | R9: =SUM(F9:Q9) -> 150 | S9: =D9-R9 -> 1350
A11: OTLEY BID/OTP TOURISM/CLEANSING | D11: =SUM('INC&EXP'!D100) -> 200
A12: RESERVE TRANSFER | D12: 0 | R12: =SUM(F12:Q12) -> 0 | S12: 0
A14: TOTAL INCOME | D14: =SUM(D7:D11) -> 7700 | F14: =SUM(F7:F11) -> 454 | G14: =SUM(G7:G11) -> 454 | H14: =SUM(H7:H11) -> 604 | I14: =SUM(I7:I11) -> 0 | J14: =SUM(J7:J11) -> 0 | K14: =SUM(K7:K11) -> 0 | L14: =SUM(L7:L11) -> 0 | M14: =SUM(M7:M12) -> 0 | N14: =SUM(N7:N11) -> 0 | O14: =SUM(O7:O11) -> 0 | P14: =SUM(P7:P12) -> 0 | Q14: =SUM(Q7:Q11) -> 0 | R14: =SUM(F14:Q14) -> 1512 | S14: =SUM(S7:S12) -> 5988
A20: EXPENDITURE | D20: Annual | F20: APR | G20: MAY | H20: JUN | I20: JUL | J20: AUG | K20: SEP | L20: OCT | M20: NOV | N20: DEC | O20: JAN | P20: FEB | Q20: MAR | R20: TOTAL | S20: Variance to Budget
D21: Budget | S21: minus = over
A23: ADMINISTRATION | D23: ='INC&EXP'!B23:V23 -> 18043 | E23: ='[1]INC&EXP'!C23:V23 -> 0 | F23: ='INC&EXP'!D23:X23 -> 18043 | G23: ='INC&EXP'!E23:Y23 -> 0 | H23: ='INC&EXP'!F23:Z23 -> 0 | I23: ='INC&EXP'!G23:AA23 -> 0 | J23: ='INC&EXP'!H23:AB23 -> 0 | K23: ='INC&EXP'!I23:AC23 -> 0 | L23: ='INC&EXP'!J23:AD23 -> 0 | M23: ='INC&EXP'!K23:AE23 -> 0 | ... R23: ='INC&EXP'!P23:AJ23 -> 18043 | S23: =D23-R23 -> 0
A25: ASSET MANAGEMENT | D25: ='INC&EXP'!D49 -> 0 | E25: ='[1]INC&EXP'!E44 -> 0 | F25: ='INC&EXP'!F47 -> 0 | G25: ='INC&EXP'!G47 -> 0 | H25: ='INC&EXP'!H47 -> 0 | I25: ='INC&EXP'!I47 -> 0 | J25: ='INC&EXP'!J47 -> 0 | K25: ='INC&EXP'!K47 -> 0 | L25: ='INC&EXP'!L47 -> 0 | M25: ='INC&EXP'!M47 -> 0 | ... R25: ='INC&EXP'!R47 -> 0 | S25: =D25-R25 -> 0
A27: EVENTS & MAYOR | D27: ='INC&EXP'!D64:E64 -> 7000 | E27: ='[1]INC&EXP'!E60:F60 -> 0 | F27: ='INC&EXP'!F64:G64 -> 0 | G27: ='INC&EXP'!G64:H64 -> 329 | H27: ='INC&EXP'!H64:I64 -> 211 | I27: ='INC&EXP'!I64:J64 -> 0 | J27: ='INC&EXP'!J64:K64 -> 0 | K27: ='INC&EXP'!K64:L64 -> 0 | L27: ='INC&EXP'!L64:M64 -> 0 | M27: ='INC&EXP'!M64:N64 -> 0 | ... R27: ='INC&EXP'!R64:S64 -> 540 | S27: =D27-R27 -> 6460
A29: OFFICE RESOURCE CENTRE | D29: ='INC&EXP'!D79 -> 3700 | E29: ='[1]INC&EXP'!E70 -> 0 | F29: ='INC&EXP'!F79 -> 0 | G29: ='INC&EXP'!G79 -> 0 | H29: ='INC&EXP'!H79 -> 0 | I29: ='INC&EXP'!I79 -> 0 | J29: ='INC&EXP'!J79 -> 0 | K29: ='INC&EXP'!K79 -> 0 | L29: ='INC&EXP'!L79 -> 0 | M29: ='INC&EXP'!M79 -> 0 | ... R29: ='INC&EXP'!R79 -> 0 | S29: =D29-R29 -> 3700
A31: ENVIRONMENTAL & SUSTAINABILITY | D31: ='INC&EXP'!D94 -> 0 | E31: ='[1]INC&EXP'!E79 -> 0 | F31: ='INC&EXP'!F94 -> 0 | G31: ='INC&EXP'!G94 -> 0 | H31: ='INC&EXP'!H94 -> 0 | I31: ='INC&EXP'!I94 -> 0 | J31: ='INC&EXP'!J94 -> 0 | K31: ='INC&EXP'!K94 -> 0 | L31: ='INC&EXP'!L94 -> 0 | M31: ='INC&EXP'!M89 -> 0 | N31: ='INC&EXP'!N89 -> 0 | O31: ='INC&EXP'!O89 -> 0 | P31: ='INC&EXP'!P89 -> 0 | Q31: ='INC&EXP'!Q89 -> 0 | R31: ='INC&EXP'!R94 -> 0 | S31: =D31-R31 -> 0
A33: COMMUNITY & DEVELOPMENT | D33: ='INC&EXP'!D44 -> 0 | E33: ='[1]INC&EXP'!E93 -> 0 | F33: ='INC&EXP'!F110 -> 0 | G33: ='INC&EXP'!G110 -> 0 | H33: ='INC&EXP'!H44 -> 0 | I33: ='INC&EXP'!I110 -> 0 | J33: ='INC&EXP'!J110 -> 0 | K33: ='INC&EXP'!K44 -> 0 | L33: ='INC&EXP'!L110 -> 0 | M33: ='INC&EXP'!M110 -> 0 | N33: ='INC&EXP'!N110 -> 0 | O33: ='INC&EXP'!O110 -> 0 | P33: ='INC&EXP'!P110 -> 0 | Q33: ='INC&EXP'!Q110 -> 0 | R33: ='INC&EXP'!R44 -> 0 | S33: =D33-R33 -> 0
A35: TRADE & TOURISM | D35: ='INC&EXP'!D129 -> 0 | E35: ='[1]INC&EXP'!E102 -> 0 | F35: ='INC&EXP'!F129 -> 0 | G35: ='INC&EXP'!G129 -> 0 | H35: ='INC&EXP'!H129 -> 0 | I35: ='INC&EXP'!I129 -> 0 | J35: ='INC&EXP'!J129 -> 0 | K35: ='INC&EXP'!K129 -> 0 | L35: ='INC&EXP'!L129 -> 0 | M35: ='INC&EXP'!M129 -> 0 | ... R35: ='INC&EXP'!R129 -> 0 | S35: =D35-R35 -> 0
A37: TOTAL EXPENDITURE | D37: =SUM(D23:D36) -> 28743 | F37: =SUM(F23:F36) -> 18043 | G37: =SUM(G23:G36) -> 329 | H37: =SUM(H23:H36) -> 211 | I37: =SUM(I23:I36) -> 0 | J37: =SUM(J23:J36) -> 0 | K37: =SUM(K23:K36) -> 0 | L37: =SUM(L23:L36) -> 0 | M37: =SUM(M23:M36) -> 0 | ... S37: =SUM(S23:S36) -> 10160
